 Dungeon Crawl Stone Soup version 0.29.1-1-gd02db6906a (webtiles) character file.

Game seed: 12864857924669304027

889 Godmorgon the Magician (level 8, -1/58 HPs)
             Began as a Djinni Ice Elementalist on Oct 2, 2022.
             Slain by an ice beast (13 damage)
             ... on level 5 of the Dungeon.
             The game lasted 00:17:53 (5071 turns).

Godmorgon the Magician (Djinni Ice Elementalist)    Turns: 5071, Time: 00:17:53

Health: -1/58      AC:  4    Str:  7    XL:     8   Next: 26%
Gold:   249        EV: 12    Int: 19    God:
                   SH:  0    Dex: 14

rFire   + + .      SeeInvis .   a - +3 short sword
rCold   x . .      Faith    .   (no shield)
rNeg    . . .      Spirit   .   r - +0 leather armour
rPois   ∞          Reflect  .   (no helmet)
rElec   .          Harm     .   t - +0 cloak
rCorr   .          Rampage  .   (no gloves)
Will    .....                   (boots unavailable)
Stlth   ++........              (no amulet)
HPRegen 0.19/turn               (no ring)
MPRegen 0.00/turn               (no ring)

@: flying
A: sickness immunity, fire resistance 2, cold vulnerability 1, float, innate
caster, HP casting, extra vitality 1
a: no special abilities


You were on level 5 of the Dungeon.
You visited 1 branch of the dungeon, and saw 5 of its levels.

You collected 337 gold pieces.
You spent 88 gold pieces at shops.

Inventory:

Hand Weapons
 a - a +3 short sword (weapon)
 b - a +4 dagger
Missiles
 e - 11 poisoned darts
Armour
 k - a +0 tower shield
 r - a +0 leather armour (worn)
 t - a +0 cloak (worn)
Wands
 s - a wand of roots (19)
Scrolls
 d - 6 scrolls of identify {unknown}
 j - a scroll of silence {unknown}
 l - a scroll of fog {unknown}
 m - 3 scrolls of teleportation {unknown}
 v - a scroll of immolation {unknown}
 w - a scroll of vulnerability {unknown}
 x - a scroll of torment {unknown}
 y - a scroll of noise {unknown}
Potions
 c - a potion of resistance {unknown}
 f - a potion of flight {unknown}
 g - a potion of ambrosia {unknown}
 h - 4 potions of curing
 i - a potion of magic {unknown}
 n - a potion of lignification {unknown}
 o - a potion of mutation {unknown}
 p - 2 potions of degeneration {unknown}
 q - a potion of might {unknown}
 u - a potion of brilliance {unknown}
 z - a potion of attraction {unknown}


   Skills:
 + Level 4.2 Fighting
 * Level 2.0 Short Blades
 + Level 2.2 Armour
 + Level 3.5 Dodging
 - Level 1.5 Stealth
 * Level 5.7 Spellcasting


You had one spell level left.
You knew the following spells:

 Your Spells              Type           Power      Damage    Failure   Level
a - Ozocubu's Armour      Ice            27%        N/A       4%          3
b - Wereblood             Tmut           27%        N/A       2%          2
c - Swiftness             Air            27%        N/A       4%          3
f - Freeze                Ice            100%       1d11      1%          1
h - Hailstorm             Conj/Ice       27%        3d7       16%         4
r - Frozen Ramparts       Ice            54%        1d9       4%          3
s - Sandblast             Erth           54%        2d13      1%          1
Your spell library was empty.

Dungeon Overview and Level Annotations

Branches:
Dungeon (5/15)
 Temple: D:4-7

Altars:
Ashenzari
Cheibriados
Trog
Uskayaw
The Shining One

Shops:
D:2 !


Innate Abilities, Weirdness & Mutations

You are immune to sickness and miasma.
You are immune to poison.
Your flesh is very heat resistant. (rF++)
You are vulnerable to cold. (rC-)
You float through the air rather than walking.
You learn spells naturally, not from books.
Your magical power is your life essence.
You have superior vitality. (+4 MHP)


Message History

Aim: an ice beast (lightly wounded, 83% to hit)
The blast of sand hits the ice beast!
The ice beast is heavily wounded.
The ice beast hits you but does no damage. x2
Casting: Sandblast (safe; 1% risk of failure)
Confirm with . or Enter, or press ? or * to list all spells.
Aiming: Sandblast (safe; 1% risk of failure)
Press: ? - help, Shift-Dir - straight line, f/p - ice beast
Aim: an ice beast (heavily wounded, 83% to hit)
The blast of sand misses the ice beast.
The ice beast hits you. The ice beast freezes you!
You feel a terrible chill!
Casting: Sandblast (safe; 1% risk of failure)
Confirm with . or Enter, or press ? or * to list all spells.
Aiming: Sandblast (safe; 1% risk of failure)
Press: ? - help, Shift-Dir - straight line, f/p - ice beast
Aim: an ice beast (heavily wounded, 83% to hit)
The blast of sand hits the ice beast.
The ice beast is heavily wounded.
The ice beast barely misses you. x2
Casting: Sandblast (safe; 1% risk of failure)
Confirm with . or Enter, or press ? or * to list all spells.
Aiming: Sandblast (safe; 1% risk of failure)
Press: ? - help, Shift-Dir - straight line, f/p - ice beast
Aim: an ice beast (heavily wounded, 83% to hit)
The blast of sand hits the ice beast but does no damage.
The ice beast is heavily wounded.
The ice beast hits you. The ice beast freezes you!!
You feel a terrible chill!
* * * LOW HITPOINT WARNING * * *
Casting: Sandblast (safe; 1% risk of failure)
Confirm with . or Enter, or press ? or * to list all spells.
Aiming: Sandblast (safe; 1% risk of failure)
Press: ? - help, Shift-Dir - straight line, f/p - ice beast
Aim: an ice beast (heavily wounded, 83% to hit)
The blast of sand hits the ice beast!
The ice beast is almost dead.
* * * LOW HITPOINT WARNING * * *
The ice beast misses you. The ice beast hits you.
* * * LOW HITPOINT WARNING * * *
The ice beast freezes you!
You feel a terrible chill!
You die...

.......# #... #..#...#
... #..##.) ##..
.....##..#.. ###...
...... #...# #.....###
.._... ###.. #.......##
......##....
#........##.....##.....
#...Y@...##...+#..#...
###...##..## ##....#..
##.####..###....##.# ##
#....#..##.....
##...#..#......
##............
###........##
............#
....#......)..


You could see an ice beast.

Vanquished Creatures
  Grinder (D:3)
  Duvessa (D:4)
  An ogre (D:4)
  A scorpion (D:4)
  Dowan (D:4)
  A jelly (D:4)
  4 hounds (D:4)
  Crazy Yiuf (D:3)
  2 iguanas
  2 orc wizards
  3 adders
  A white imp (D:5)
  12 orcs
  10 ball pythons
  3 endoplasms
  3 giant cockroaches
  6 goblins
  9 hobgoblins
  4 jackals
  9 quokkas
  6 bats
  5 frilled lizards
  2 kobolds
  10 rats
98 creatures vanquished.

Notes
Turn   | Place    | Note
-------+----------+-------------------------------------------
     0 | D:1      | Godmorgon the Djinni Ice Elementalist began the quest for
                  | the Orb.
     0 | D:1      | Godmorgon set off with the following spells memorised:
                  | Freeze, Frozen Ramparts, Ozocubu's Armour, Hailstorm.
     0 | D:1      | Reached XP level 1. HP: 15/15 MP: 0/0
   303 | D:1      | Reached XP level 2. HP: 10/22 MP: 0/0
   741 | D:1      | Reached skill level 1 in Fighting
   917 | D:1      | Reached XP level 3. HP: 26/27 MP: 0/0
   917 | D:1      | Learned a level 1 spell: Sandblast
   935 | D:1      | Found a faded altar of an unknown god.
  1697 | D:2      | Found Meoseghi's Distillery.
  1703 | D:2      | Bought a potion of curing for 33 gold pieces
  1703 | D:2      | Bought a potion of heal wounds for 55 gold pieces
  1965 | D:3      | Reached skill level 4 in Spellcasting
  1965 | D:3      | Reached XP level 4. HP: 30/32 MP: 0/0
  2004 | D:3      | Found a bloodstained altar of Trog.
  2042 | D:3      | HP: 1/32 [iguana (8)]
  2268 | D:3      | Found a runed translucent door.
  2269 | D:3      | Noticed Crazy Yiuf
  2354 | D:3      | Noticed Grinder
  2358 | D:3      | Paralysed by Grinder for 5 turns
  2380 | D:3      | Paralysed by Grinder for 3 turns
  2384 | D:3      | Killed Grinder
  2385 | D:3      | Reached skill level 5 in Spellcasting
  2385 | D:3      | Reached XP level 5. HP: 8/40 MP: 0/0
  2385 | D:3      | Learned a level 2 spell: Wereblood
  2385 | D:3      | Reached XP level 6. HP: 9/46 MP: 0/0
  3016 | D:3      | Found a hide-covered altar of Uskayaw.
  3321 | D:3      | Killed Crazy Yiuf
  3453 | D:4      | Noticed Duvessa
  3457 | D:4      | Noticed Dowan
  3460 | D:4      | Killed Duvessa
  3461 | D:4      | Reached skill level 1 in Armour
  3461 | D:4      | Reached XP level 7. HP: 36/50 MP: 0/0
  3461 | D:4      | Learned a level 3 spell: Swiftness
  3470 | D:4      | Killed Dowan
  3885 | D:4      | Found a broken altar of Ashenzari.
  3930 | D:4      | Reached skill level 1 in Short Blades
  4019 | D:4      | Reached XP level 8. HP: 42/58 MP: 0/0
  4121 | D:4      | Found a snail-covered altar of Cheibriados.
  4758 | D:5      | Entered Level 5 of the Dungeon
  5060 | D:5      | Found a glowing golden altar of the Shining One.
  5071 | D:5      | Slain by an ice beast

Illustrated notes

Levels and vault maps discovered:
D:1:      onia_arrival_pyramid, layout_basic, shapermc_ecumenical_altar_venn,
          chequers_serial_rivers_micro_b, minmay_misc_feat_five
D:2:      layout_basic, serial_shops, nicolae_shop_behind_doors
D:3:      layout_basic, nicolae_vehumet_altar_sigil,
          mainiacjoe_overflow_big_doors, uniq_crazy_yiuf_cottage, uniq_grinder
D:4:      layout_basic, cheibrodos_ashenzari_chains,
          mainiacjoe_overflow_small_starburst, uniq_duvessa
D:5:      layout_cave_pools, mainiacjoe_overflow_alcove_4, tso_metal_star,
          hangedman_decor_riveting

Skill      XL: |  1  2  3  4  5  6  7  8 |
---------------+-------------------------+-----
Fighting       | 1 3 4 |  4.2
Spellcasting   | 4 5 |  5.7
Armour         | 1 2 |  2.2
Dodging        | 3 |  3.5
Short Blades   | 1 2 |  2.0
Stealth        | |  1.5

Action                   |  1- 3 |  4- 6 |  7- 9 || total
-------------------------+-------+-------+-------++-------
Melee: Whip              |     1 |       |       ||     1
       Short sword       |       |       |     7 ||     7
 Cast: Freeze            |    27 |       |       ||    27
       Sandblast         |    33 |    38 |    60 ||   131
       Frozen Ramparts   |       |     4 |    14 ||    18
       Ozocubu's Armour  |       |     1 |     4 ||     5
  Use: Potion            |       |     2 |       ||     2
Armor: Robe              |     3 |     2 |       ||     5
       Leather armour    |       |       |    14 ||    14
Dodge: Dodged            |    13 |    13 |    38 ||    64
